 Dungeon Crawl Stone Soup version 0.31-a0-188-g5e087ee2ca (webtiles) character file.

Game seed: 1959456502934604835

112797 Gorgondantess the Stormcaller (level 16, -8/92 HPs)
             Began as a Tengu Air Elementalist on June 24, 2023.
             Was a High Priest of Vehumet.
             Mangled by Agnes
             ... wielding a +1 spectral lajatang
              (30 damage)
             ... on level 1 of the Spider Nest.
             The game lasted 01:53:56 (35040 turns).

Gorgondantess the Stormcaller (TeAE)               Turns: 35040, Time: 01:53:56

Health: -8/92      AC: 11    Str:  9    XL:     16   Next: 61%
Magic:  5/34       EV: 21    Int: 37    God:    Vehumet [*****.]
Gold:   2493       SH:  0    Dex: 15    Spells: 1/42 levels left

rFire   x . .        a - +4 short sword of the Median {vamp, rF- rC- rCorr Int+10}
rCold   x . .        (no shield)
rNeg    . . .        h - +0 swamp dragon scales
rPois   +            (helmet restricted)
rElec   +            (no cloak)
rCorr   +            (no gloves)
SInv    +            (boots unavailable)
Will    +....        O - amulet of regeneration
Stlth   +++          S - ring of the Shining Light {rElec EV+5 Int+4 SInv}
HPRegen 1.15/turn    t - +4 ring of protection
MPRegen 0.24/turn

%: no passive effects
@: flying quickly and evasively, quick
A: beak, talons 3, nimble flight
a: Renounce Religion


You were on level 1 of the Spider Nest.
You worshipped Vehumet.
Vehumet was extremely pleased with you.
You visited 6 branches of the dungeon, and saw 24 of its levels.
You also visited: Bailey and Ice Cave.

You collected 2493 gold pieces.

Inventory:

Hand Weapons
 a - the +4 short sword of the Median (weapon) {vamp, rF- rC- rCorr Int+10}
   (You found it in a bailey)

   Int:       It affects your intelligence (+10).
   rF:        It makes you vulnerable to fire.
   rC:        It makes you vulnerable to cold.
   rCorr:     It protects you from acid and corrosion.
 b - the +9 war axe of the Blowfly {heavy, Fly rPois rF+ rC-}
   (You took it off a deep elf pyromancer on level 8 of the Dungeon)

   rF:        It protects you from fire.
   rC:        It makes you vulnerable to cold.
   rPois:     It protects you from poison.
   Fly:       It grants you flight.
 u - the +4 halberd of Pituc {freeze, +Blink rF+ Will+}
   (You found it on level 11 of the Dungeon)

   rF:        It protects you from fire.
   +Blink:    It lets you blink.
   Will:      It increases your willpower.
Missiles
 f - 4 curare-tipped darts
Armour
 h - +0 swamp dragon scales (worn)
 j - a +2 robe of willpower
 U - +0 steam dragon scales
Magical Staves
 n - the staff "Samoasux" {Drain rElec rF+ rN+ Air}
   (You acquired it on level 5 of the Lair of Beasts)

   [staff of air]

   Base accuracy: +5 Base damage: 5 Base attack delay: 1.2 This weapon's minimum
   attack delay (0.6) is reached at skill level 12.
   rF:        It protects you from fire.
   rElec:     It insulates you from electricity.
   rN:        It protects you from negative energy.
   Drain:     It drains your maximum health when unequipped.
   Air:       It increases the power of your Air spells.
   It falls into the 'Staves' category.
   It is a one-handed weapon.
Jewellery
 g - a ring of fire
 t - a +4 ring of protection (right hand)
 L - a ring of protection from cold
 O - an amulet of regeneration (around neck)
 S - the ring of the Shining Light (left hand) {rElec EV+5 Int+4 SInv}
   (You found it in a bailey)

   [ring of evasion]

   EV:        It affects your evasion (+5).
   Int:       It affects your intelligence (+4).
   rElec:     It insulates you from electricity.
   SInv:      It lets you see invisible.
Wands
 q - a wand of light (8)
 A - a wand of polymorph (3)
 I - a wand of charming (28)
 Q - a wand of iceblast (40)
 V - a wand of mindburst (14)
 Y - a wand of flame (30)
Scrolls
 c - 6 scrolls of vulnerability
 e - a scroll of fear
 k - 3 scrolls of butterflies
 l - 5 scrolls of revelation
 m - 2 scrolls of enchant armour
 o - 6 scrolls of blinking {unknown}
 p - 4 scrolls of immolation {unknown}
 y - 3 scrolls of poison {unknown}
 B - 3 scrolls of teleportation
 E - 3 scrolls of torment
 K - 4 scrolls of noise {unknown}
 P - 3 scrolls of silence
 W - 2 scrolls of fog
 X - 6 scrolls of enchant weapon
Potions
 d - a potion of enlightenment
 i - 5 potions of haste
 s - 2 potions of brilliance
 v - a potion of magic
 w - 2 potions of heal wounds
 D - 2 potions of might
 F - a potion of resistance
 G - 3 potions of invisibility
 H - 2 potions of berserk rage
 J - 5 potions of lignification
 M - a potion of curing
Miscellaneous
 T - a box of beasts


   Skills:
 - Level 7.2 Fighting
 - Level 8.2 Dodging
 - Level 8.1 Stealth
 + Level 13.5 Spellcasting
 + Level 12.5 Conjurations
 + Level 15.0 Summonings
 + Level 11.0 Fire Magic
 + Level 16.6 Air Magic
 + Level 4.5 Evocations


You had one spell level left.
You knew the following spells:

 Your Spells              Type           Power      Damage    Failure   Level
a - Shock                 Conj/Air       100%       1d9       0%          1
b - Starburst             Conj/Fire      42%        6d12      1%          6
c - Arcjolt               Conj/Air       46%        1d56      1%          5
d - Call Imp              Summ           100%       N/A       0%          2
e - Airstrike             Air            49%        2d(8-24)  1%          4
f - Plasma Beam           Fire/Air       45%        2x1d60    1%          6
g - Fireball              Conj/Fire      42%        3d17      1%          5
h - Iskenderun's Battles  Conj           87%        2d13      1%          5
i - Summon Hydra          Summ           47%        N/A       8%          7

Your spell library contained the following spells:

 Spells                   Type           Power      Damage    Failure   Level
 Magic Dart               Conj           100%       1d8       1%          1
 Necrotise                Necr           96%        1d8       4%          1
 Sting                    Tmut/Pois      96%        1d7       4%          1
 Static Discharge         Conj/Air       100%       2-7/arc   0%          2
 Swiftness                Air            99%        N/A       0%          3
 Cigotuvi's Dreadful Rot  Necr/Pois/Air  100%       N/A       1%          2
 Poisonous Vapours        Pois/Air       100%       N/A       1%          2
 Call Canine Familiar     Summ           94%        N/A       1%          3
 Ignite Poison            Fire/Tmut/Pois 51%        N/A       1%          3
 Mephitic Cloud           Conj/Pois/Air  77%        N/A       1%          3
 Volatile Blastmotes      Fire/Tloc      100%       2d18      1%          3
 Fulminant Prism          Conj/Hex       31%        3d16      1%          4
 Iskenderun's Mystic Bla  Conj/Tloc      63%        2d13      1%          4
 Conjure Ball Lightning   Conj/Air       46%        3x3d16    1%          6
 Irradiate                Conj/Tmut      31%        3d22      2%          5
 Summon Forest            Summ/Tloc      34%        N/A       5%          5
 Lesser Beckoning         Tloc           48%        N/A       6%          2
 Sublimation of Blood     Necr           24%        N/A       6%          2
 Orb of Destruction       Conj           43%        9d12      6%          7
 Olgreb's Toxic Radiance  Pois           24%        N/A       11%         4
 Confusing Touch          Hex            24%        N/A       13%         3
 Gell's Gravitas          Tloc           24%        N/A       13%         3
 Portal Projectile        Hex/Tloc       48%        N/A       13%         3
 Spider Form              Tmut/Pois      24%        N/A       13%         3
 Teleport Other           Tloc           24%        N/A       13%         3
 Vampiric Draining        Necr           24%        2d7       13%         3
 Lee's Rapid Deconstruct  Erth           12%        3d8*      28%         5
 Dispel Undead            Necr           24%        3d12      38%         4
 Leda's Liquefaction      Hex/Erth       12%        N/A       38%         4
 Petrify                  Tmut/Erth      24%        N/A       38%         4
 Ignition                 Fire           41%        3d12      58%         8
 Agony                    Necr           24%        N/A       75%         5
 Alistair's Intoxication  Tmut/Pois      16%        N/A       75%         5
 Borgnjor's Vile Clutch   Necr/Erth      12%        N/A       75%         5
 Eringya's Noxious Bog    Tmut/Pois      12%        N/A       82%         6
 Death Channel            Necr           12%        N/A       100%        6


Dungeon Overview and Level Annotations

Branches:
Dungeon (13/15)            Temple (1/1) D:4            Lair (5/5) D:11
  Swamp (2/4) Lair:3       Spider (1/4) Lair:2        Slime (0/5) Lair:4
    Orc (2/2) D:11         Bailey (visited)           IceCv (visited)
    Elf: Orc:2       Vaults: D:13-14

Altars:
Ashenzari
Cheibriados
Dithmenos
Elyvilon
Fedhas
Gozag
Hepliaklqana
Kikubaaqudgha
Makhleb
Nemelex Xobeh
Okawaru
Qazlal
Ru
Sif Muna
Trog
Uskayaw
Vehumet
Wu Jian
Xom
Yredelemnul
Zin
The Shining One
Jiyva

Shops:
D:4 (

Portals:
Trove: D:10 (give +2 storm dragon scales)

Annotations:
D:4 3 runed translucent doors, Maxmaps's ghost, amateur FoHu
D:5 2 transporters, valliere's ghost, novice OpAE
D:6 1 transporter, frimble's ghost, amateur OpWr
D:8 4 runed translucent doors
Lair:5 2 exclusions
Swamp:1 2 transporters, Naistiu's ghost, adept DESu
Swamp:2 Louise
Spider:1 Agnes
Orc:2 Saint Roka


Innate Abilities, Weirdness & Mutations

You have a beak for a mouth.
You have claws for feet.
Your magical nature lets you fly swiftly and evasively.


Message History

Electricity surges outward!
Agnes is struck by an electric surge!!!
Agnes is heavily wounded.
Agnes says, "I despise a dishonourable opponent."
Agnes closely misses you. The +1 spectral lajatang misses you.
Agnes hits you with a +1 spectral lajatang!!
The +1 spectral lajatang hits you!
A +1 spectral lajatang comes into view.
Unknown command.
Casting: Arcjolt (safe; 1% risk of failure)
Confirm with . or Enter, or press ? or * to list all spells.
Electricity surges outward!
Agnes is struck by an electric surge!
Agnes is severely wounded.
The +1 spectral lajatang resists.
The +1 spectral lajatang is struck by an electric surge.
Agnes shares her spectral weapon's damage!
The +1 spectral lajatang is lightly damaged.
The culicivora is struck by an electric surge!!!
You kill the culicivora!
Vehumet accepts your kill.
You feel your power returning. Agnes misses you.
The +1 spectral lajatang misses you.
Your Fire Magic skill increases to level 11!
Unknown command.
Casting: Arcjolt (safe; 1% risk of failure)
Confirm with . or Enter, or press ? or * to list all spells.
Electricity surges outward!
Agnes is struck by an electric surge!!
Agnes is almost dead.
The +1 spectral lajatang resists.
The +1 spectral lajatang is struck by an electric surge.
Agnes shares her spectral weapon's damage!
The +1 spectral lajatang is moderately damaged.
Agnes hits you with a +1 spectral lajatang!
The +1 spectral lajatang hits you!!
* * * LOW HITPOINT WARNING * * *
Agnes closely misses you.
The +1 spectral lajatang barely misses you.
Unknown command.
The +1 spectral lajatang disappears.
Agnes hits you with a +1 spectral lajatang!!
You die...

##......##.......
#.######......... ^
#####..... ###
#.##....
####.###....... ####
###....##.#####..
##... #.......#.#
##.
..#...†###........##
##
#.....†.#@#.......#
#...†.i#####.#.##
#.....## #####
#....## #...# ####


You could see Agnes.

Vanquished Creatures
  2 emperor scorpions (Lair:2)
  3 ghouls (Swamp:1)
  2 orc warlords
  5 eleionomae
  3 bunyips
  3 entropy weavers (Spider:1)
  12 hydras
  Fannar (D:11)
  A catoblepas (Lair:5)
  A jorogumo (Spider:1)
  A radroach (Spider:1)
  A ghost crab (Swamp:1)
  2 boulder beetles
  8 two-headed ogres
  A deep troll shaman (Lair:5)
  4 alligators
  4 demonic crawlers
  6 death yaks (Lair:5)
  An orc high priest (Orc:2)
  A sun moth (Spider:1)
  2 skysharks
  A pharaoh ant (Lair:2)
  9 bog bodies
  3 goliath frogs
  2 orb spiders (Spider:1)
  A spriggan druid (Swamp:2)
  7 swamp dragons
  2 steelbarb worms
  3 deep elf pyromancers
  2 orc knights (Orc:2)
  2 oklob plants (D:11)
  A necromancer (IceCv)
  4 wolf spiders
  6 orc sorcerers
  2 ugly things
  3 cyclopes
  A will-o-the-wisp (Swamp:2)
  9 elephants
  3 manticores
  A nameless horror (Swamp:1)
  4 black mambas
  2 gargoyles
  9 cane toads
  3 ice statues
  7 ice devils (IceCv)
  A rime drake (Lair:3)
  10 komodo dragons
  4 anaconda simulacra (IceCv)
  7 trolls
  A meliai (Lair:2)
  3 polar bears
  14 tarantellas
  Grinder (D:6)
  4 tyrant leeches (Swamp:1)
  5 blink frogs (Lair:2)
  3 hornets
  5 slime creatures (D:12)
  9 jumping spiders
  4 culicivoras (Spider:1)
  2 vampires
  2 spriggans (Swamp:2)
  Sigmund (D:2)
  3 dire elephant simulacra (IceCv)
  3 wyverns
  6 basilisks
  A wraith (D:9)
  25 yaks
  2 steam dragons
  A death yak simulacrum (IceCv)
  8 vampire mosquitoes
  21 redbacks
  3 harpy simulacra (IceCv)
  6 swamp worms
  7 wargs
  An acid dragon (D:10)
  16 water moccasins
  2 swamp drakes (Swamp:1)
  22 orc warriors
  3 black bears
  An ice beast (D:8)
  4 sky beasts
  22 wolves
  8 centaurs
  An ogre (Orc:1)
  2 lemures (D:5)
  A kobold brigand (D:9)
  3 phantoms
  10 bullfrogs
  A two-headed ogre simulacrum (IceCv)
  2 scorpions
  8 gnoll sergeants (Bailey)
  11 wights
  12 killer bees
  6 howler monkeys
  5 spriggan skeletons (D:10)
  A troll skeleton (D:10)
  An electric eel (Lair:3)
  5 gnoll boudas (Bailey)
  21 orc priests
  4 hounds
  5 jellies
  2 sleepcaps
  3 iguanas (D:5)
  23 orc wizards
  A troll simulacrum (IceCv)
  A wolf simulacrum (IceCv)
  7 adders
  18 gnolls
  2 shadow imps
  3 white imps
  3 worms
  84 orcs
  11 ball pythons
  12 endoplasms
  8 giant cockroaches
  8 hobgoblins
  11 kobolds
  3 quokkas
  6 bats
  4 frilled lizards
  13 goblins
  5 rats
719 creatures vanquished.

Vanquished Creatures (collateral kills)
  Pikel (D:5)
  A moth of wrath (Lair:2)
  A tarantella (Lair:2)
  An orc wizard (D:5)
4 creatures vanquished.

Vanquished Creatures (others)
  7 foxfires (Swamp:2)
7 creatures vanquished.

Grand Total: 730 creatures vanquished

Notes
Turn   | Place    | Note
-------+----------+-------------------------------------------
     0 | D:1      | Gorgondantess the Tengu Air Elementalist began the quest
                  | for the Orb.
     0 | D:1      | Reached XP level 1. HP: 10/10 MP: 4/4
   164 | D:1      | Reached XP level 2. HP: 15/15 MP: 3/6
   167 | D:1      | Learned a level 2 spell: Static Discharge
   441 | D:1      | Reached XP level 3. HP: 19/19 MP: 3/7
   688 | D:1      | Reached skill level 5 in Air Magic
   889 | D:2      | Found a basalt altar of Yredelemnul.
  1145 | D:2      | Noticed Sigmund
  1198 | D:2      | Learned a level 3 spell: Mephitic Cloud
  1719 | D:3      | Reached XP level 4. HP: 24/24 MP: 6/8
  1943 | D:3      | Found a sparkling altar of Nemelex Xobeh.
  2331 | D:3      | Noticed a scorpion
  2515 | D:3      | Reached skill level 6 in Air Magic
  2515 | D:3      | Gained mutation: Your magical nature lets you fly swiftly
                  | and evasively. [Tengu growth]
  2515 | D:3      | Reached XP level 5. HP: 28/28 MP: 4/10
  2606 | D:3      | Learned a level 2 spell: Call Imp
  3314 | D:3      | Reached skill level 1 in Summonings
  3314 | D:3      | Reached XP level 6. HP: 30/32 MP: 5/11
  3602 | D:2      | Killed Sigmund
  3603 | D:2      | Reached skill level 7 in Air Magic
  3762 | D:2      | Found a basalt altar of Yredelemnul.
  4353 | D:4      | Found a staircase to the Ecumenical Temple.
  4360 | Temple   | Entered the Ecumenical Temple
  4415 | Temple   | Became a worshipper of Vehumet
  4638 | D:4      | Found a runed translucent gate.
  4640 | D:4      | Found a runed translucent gate.
  4652 | D:4      | Found a runed translucent gate.
  4800 | D:4      | Found Buynn's Antique Weapon Boutique.
  4835 | D:4      | Noticed Maxmaps's ghost (amateur FoHu)
  5140 | D:4      | Reached XP level 7. HP: 36/36 MP: 7/13
  5292 | D:5      | Entered Level 5 of the Dungeon
  5415 | D:5      | Reached skill level 8 in Air Magic
  5586 | D:5      | Reached skill level 5 in Conjurations
  5673 | D:5      | Noticed Pikel
  5700 | D:5      | Killed Pikel
  5701 | D:5      | Reached skill level 9 in Air Magic
  5701 | D:5      | Reached XP level 8. HP: 28/41 MP: 4/15
  5900 | D:5      | Learned a level 4 spell: Airstrike
  6021 | D:5      | Found a transporter.
  6036 | D:5      | Found a transporter.
  6039 | D:5      | Noticed valliere's ghost (novice OpAE)
  6043 | D:5      | Noticed a wraith
  6540 | D:6      | Noticed Grinder
  6555 | D:6      | Killed Grinder
  6555 | D:6      | Reached * piety under Vehumet
  6555 | D:6      | Offered knowledge of Kiss of Death by Vehumet.
  6556 | D:6      | Reached skill level 5 in Spellcasting
  6556 | D:6      | Reached skill level 5 in Summonings
  6556 | D:6      | Reached skill level 10 in Air Magic
  6556 | D:6      | Reached XP level 9. HP: 45/45 MP: 2/17
  6673 | D:6      | Noticed frimble's ghost (amateur OpWr)
  6875 | D:6      | Got the Octavo of Arson
  7209 | D:6      | Identified a scroll of acquirement
  7567 | D:6      | Reached skill level 1 in Fighting
  7746 | D:6      | Found a transporter.
  7847 | D:7      | Found a snail-covered altar of Cheibriados.
  7853 | D:7      | Found a stormy altar of Qazlal.
  7854 | D:7      | Found a hazy altar of Hepliaklqana.
  7854 | D:7      | Found a white marble altar of Elyvilon.
  7962 | D:7      | Reached skill level 11 in Air Magic
  8075 | D:7      | Found a flagged portal.
  8196 | Bailey   | Entered a bailey
  8238 | Bailey   | Reached ** piety under Vehumet
  8254 | Bailey   | Offered knowledge of Sandblast by Vehumet.
  8441 | Bailey   | Reached XP level 10. HP: 54/54 MP: 15/19
  8552 | Bailey   | Offered knowledge of Momentum Strike by Vehumet.
  8588 | Bailey   | Identified the ring of the Shining Light {rElec EV+5 Int+4
                  | SInv}
  8594 | Bailey   | Identified the +4 short sword of the Median {vamp, rF- rC-
                  | rCorr Int+10}
  8604 | Bailey   | Learned a level 6 spell: Plasma Beam
  8679 | Bailey   | Got the Elucidation of Unclean Curses
  9019 | D:7      | Reached skill level 1 in Fire Magic
  9092 | D:7      | Reached skill level 12 in Air Magic
  9609 | D:8      | Reached *** piety under Vehumet
  9855 | D:8      | Found a large runed translucent door.
  9855 | D:8      | Found a large runed translucent door.
  9903 | D:8      | Noticed a gargoyle
  9944 | D:8      | Killed a gargoyle
 10336 | D:8      | Found a large runed translucent door.
 10336 | D:8      | Found a large runed translucent door.
 10341 | D:8      | Noticed a centaur warrior
 10807 | D:8      | Acquired 798 gold pieces
 10815 | D:8      | Identified the +9 war axe of the Blowfly {heavy, Fly rPois
                  | rF+ rC-}
 10815 | D:8      | Noticed a deep elf pyromancer
 10818 | D:8      | Killed a deep elf pyromancer
 10819 | D:8      | Reached skill level 5 in Dodging
 10819 | D:8      | Reached XP level 11. HP: 61/61 MP: 10/21
 11114 | D:8      | Reached skill level 5 in Stealth
 11115 | D:8      | Reached skill level 13 in Air Magic
 11260 | D:9      | Offered knowledge of Flame Wave by Vehumet.
 12289 | D:9      | Reached skill level 5 in Fire Magic
 12501 | D:10     | Entered Level 10 of the Dungeon
 12597 | D:10     | Noticed a two-headed ogre
 12602 | D:10     | Killed a two-headed ogre
 12840 | D:10     | Reached **** piety under Vehumet
 13011 | D:10     | Found an opulent altar of Gozag.
 13057 | D:10     | Found a portal to a secret trove of treasure.
 13323 | D:10     | Offered knowledge of Fireball by Vehumet.
 13395 | D:10     | Learned a level 5 spell: Fireball
 13904 | D:11     | Reached skill level 5 in Fighting
 13916 | D:11     | Noticed a manticore
 14101 | D:11     | Noticed a cyclops
 14105 | D:11     | Killed a cyclops
 14184 | D:11     | Noticed an oklob plant
 14186 | D:11     | Killed an oklob plant
 14242 | D:11     | Found a staircase to the Lair.
 14242 | D:11     | Noticed an oklob plant
 14244 | D:11     | Killed an oklob plant
 14260 | D:11     | Reached XP level 12. HP: 68/68 MP: 3/23
 14318 | D:11     | Reached skill level 14 in Air Magic
 14539 | D:11     | Noticed a boulder beetle
 14540 | D:11     | Killed a boulder beetle
 14734 | D:11     | Noticed Fannar
 14738 | D:11     | Killed Fannar
 14816 | D:11     | You are sucked into a shaft and drop 1 floor!
 15020 | D:12     | Noticed a two-headed ogre
 15020 | D:12     | Noticed a two-headed ogre
 15047 | D:12     | Noticed a two-headed ogre
 15064 | D:12     | Killed a two-headed ogre
 15065 | D:12     | Killed a two-headed ogre
 15572 | D:12     | Killed a two-headed ogre
 15978 | D:11     | Found a staircase to the Orcish Mines.
 16257 | D:11     | Reached skill level 10 in Conjurations
 16342 | D:11     | Identified the +4 halberd of Pituc {freeze, +Blink rF+
                  | Will+}
 16398 | Lair:1   | Entered Level 1 of the Lair of Beasts
 16402 | Lair:1   | Reached ***** piety under Vehumet
 16500 | Lair:1   | Offered knowledge of Starburst by Vehumet.
 17283 | Lair:1   | Reached skill level 15 in Air Magic
 17318 | Lair:1   | Reached XP level 13. HP: 74/74 MP: 16/25
 17419 | Lair:1   | Identified the +5 scale mail of Nineve {rC+ Str+7}
 18137 | Lair:2   | Found a hole to the Spider Nest.
 18869 | Lair:2   | Learned a level 6 spell: Starburst
 20427 | Lair:3   | Found a staircase to the Swamp.
 20779 | Lair:4   | Offered knowledge of Sticky Flame by Vehumet.
 20845 | Lair:4   | Found a frozen archway.
 20897 | IceCv    | Entered an ice cave
 22044 | IceCv    | Reached XP level 14. HP: 82/82 MP: 20/27
 22195 | Lair:4   | Found a staircase to the Slime Pits.
 22221 | Lair:4   | Found a viscous altar of Jiyva.
 22493 | Lair:4   | Reached skill level 10 in Fire Magic
 22996 | Lair:5   | Entered Level 5 of the Lair of Beasts
 23886 | Lair:5   | Identified the +0 buckler of Watchfulness {SInv}
 23918 | Lair:5   | Learned a level 5 spell: Iskenderun's Battlesphere
 24163 | Lair:5   | Acquired the staff "Samoasux" {Drain rElec rF+ rN+ Air}
 24439 | Lair:5   | Reached skill level 10 in Spellcasting
 24442 | Lair:5   | Offered knowledge of Leda's Unmaking by Vehumet.
 26106 | D:13     | Noticed a tengu reaver
 26329 | Orc:1    | Entered Level 1 of the Orcish Mines
 26496 | Orc:1    | Noticed an orc warlord
 26639 | Orc:1    | Killed an orc warlord
 26974 | Orc:1    | Found a bloodstained altar of Trog.
 27072 | Orc:2    | Entered Level 2 of the Orcish Mines
 27072 | Orc:2    | Noticed an orc warlord
 27286 | Orc:2    | Killed an orc warlord
 27287 | Orc:2    | Reached XP level 15. HP: 86/86 MP: 21/32
 27423 | Orc:2    | Offered knowledge of Yara's Violent Unravelling by Vehumet.
 27525 | Orc:2    | Learned a level 7 spell: Summon Hydra
 28083 | Orc:2    | Reached skill level 10 in Summonings
 28083 | Orc:2    | Noticed Saint Roka
 28455 | Swamp:1  | Entered Level 1 of the Swamp
 28595 | Swamp:1  | Noticed a ghoul
 28595 | Swamp:1  | Noticed a ghoul
 28643 | Swamp:1  | Noticed a ghoul
 28679 | Swamp:1  | Found an ancient bone altar of Kikubaaqudgha.
 28688 | Swamp:1  | Found a transporter.
 28790 | Swamp:1  | Killed a ghoul
 28983 | Swamp:1  | Noticed Naistiu's ghost (adept DESu)
 29034 | Swamp:1  | Identified the +5 trident "Ijiompih" {antimagic, *Slow
                  | rPois Int+4}
 29416 | Swamp:1  | Found a transporter.
 29435 | Swamp:1  | Killed a ghoul
 29836 | Swamp:1  | Killed a ghoul
 30575 | Swamp:2  | Reached skill level 1 in Evocations
 31192 | Swamp:2  | Reached skill level 16 in Air Magic
 31264 | Swamp:2  | Reached XP level 16. HP: 87/92 MP: 15/34
 31325 | Swamp:2  | Identified the +5 spear "Bohem" {flame, Int+4}
 31533 | Swamp:2  | Noticed Louise
 32120 | Spider:1 | Entered Level 1 of the Spider Nest
 32269 | Spider:1 | Offered knowledge of Arcjolt by Vehumet.
 32724 | Lair:2   | Learned a level 5 spell: Arcjolt
 32755 | Spider:1 | HP: 1/92 [disintegration (58)]
 35033 | Spider:1 | Reached skill level 15 in Summonings
 35033 | Spider:1 | Noticed Agnes
 35040 | Spider:1 | Mangled by Agnes

Illustrated notes

Levels and vault maps discovered:
D:1:      heliophobic_arrival_enchanted_forest, layout_rooms
D:2:      layout_basic, basic_altar, uniq_sigmund
D:3:      minmay_chambers_of_twos, layout_basic, nemelex_altar_shiori,
          minmay_crystal_water
D:4:      cheibrodos_quashed, layout_cave_pods, minmay_temple_entry_wispy,
          gammafunk_ghost_icy, nrook_mini_vaults, serial_park_tiny_2,
          nicolae_take_the_stairs
D:5:      layout_basic, gammafunk_ghost_arena, serial_bayou_lake_a, uniq_pikel
D:6:      layout_loops_corners, gammafunk_ghost_stat_death, uniq_grinder
D:7:      layout_rooms, grunt_temple_overflow_open, enter_bailey_5,
          minmay_misc_feat_square, corexii_checkpoint_a, hangedman_decor_push
D:8:      layout_loops_corners, serial_rivers, chequers_serial_rivers_small_b,
          chequers_serial_rivers_room_b, chequers_serial_rivers_micro_c,
          chequers_serial_rivers_large_a, chequers_serial_rivers_small_b,
          chequers_serial_rivers_small_a, minivault_19,
          minmay_hollow_rounded_squares
D:9:      layout_gridville
D:10:     layout_roguey, mainiacjoe_overflow_alcove_1,
          nicolae_trove_entry_crystal, hangedman_tell_no_tales
D:11:     layout_basic, dpeg_oklobed_lair, david_orc_4,
          kb_lookout_dungeons_type, uniq_fannar
D:12:     layout_roguey, minivault_16
D:13:     cross_vault, layout_basic, minivault_27, billiards_dpeg
Temple:   minmay_temple_bridge_d
Lair:1:   layout_gridlike, grunt_megastairs_4
Lair:2:   layout_cellular_growth, hellmonk_spider_entry_not_the_bees,
          infiniplex_staircase_pool_2
Lair:3:   layout_regular_city, nicolae_swamp_entry_splash_gauntlet
Lair:4:   layout_misc_corridors, nicolae_slime_entry_slimehenge,
          portal_ice_cave_entry_ice_simulacra
Lair:5:   grunt_lair_end_beastmaster, layout_regular_city, grunt_megastairs_1
Swamp:1:  layout_falls_marsh, gammafunk_ghost_berserking_beasts,
          nicolae_swamp_fairy_circle, swamp_pool1, grunt_ruined_hall,
          infiniplex_staircase_pool
Swamp:2:  nzn_winding_woodlands_cross [nzn_winding_woodlands_5x15_jagged,
          nzn_winding_woodlands_5x15_eye, nzn_winding_woodlands_5x15_pool,
          nzn_winding_woodlands_5x15_zeroes,
          nzn_winding_woodlands_15x15_boxy_spiral], layout_basic_swamp,
          evilmike_swamp_ruin_house_1, swamp_pool1, uniq_louise
Spider:1: layout_chambers, uniq_agnes
Orc:1:    layout_diamond_mine, basic_altar
Orc:2:    grunt_orc_cross, layout_caves, uniq_sonja

Skill      XL: |  1  2  3  4  5  6  7  8  9 10 11 12 13 14 15 16 |
---------------+-------------------------------------------------+-----
Conjurations   | 2 3 4 5 6 7 8 9 10 11 12 | 12.5
Air Magic      | 5 6 7 9 10 11 12 13 15 16 | 16.6
Spellcasting   | 3 4 5 6 7 8 12 13 | 13.5
Summonings     | 1 2 4 5 6 7 8 9 14 15 | 15.0
Fighting       | 2 4 5 6 7 |  7.2
Dodging        | 3 5 6 7 8 |  8.2
Stealth        | 3 4 5 6 8 |  8.1
Fire Magic     | 4 6 8 9 10 11 | 11.0
Evocations     | 2 4 |  4.5

Action                     |  1- 3 |  4- 6 |  7- 9 | 10-12 | 13-15 | 16-18 || total
---------------------------+-------+-------+-------+-------+-------+-------++-------
  Melee: Dagger            |    42 |    21 |   183 |    13 |       |       ||   259
         Unarmed           |     5 |       |       |       |       |       ||     5
         Kick              |    10 |    20 |    80 |    62 |    34 |     8 ||   214
         Peck              |     4 |    10 |    40 |    50 |    21 |     6 ||   131
         Rapier            |     3 |    22 |       |       |       |       ||    25
         Punch             |     1 |       |     4 |     1 |     1 |       ||     7
         Staff             |       |     7 |       |       |       |       ||     7
         Short sword       |       |       |       |   125 |    60 |    17 ||   202
         War axe           |       |       |       |    19 |    34 |       ||    53
         Halberd           |       |       |       |       |     3 |     4 ||     7
   Cast: Shock             |    51 |    45 |    47 |    10 |    92 |     6 ||   251
         Static Discharge  |     3 |     8 |    11 |    30 |       |       ||    52
         Mephitic Cloud    |       |     4 |    28 |    28 |    17 |       ||    77
         Call Imp          |       |       |     5 |       |     2 |     6 ||    13
         Airstrike         |       |       |    21 |   109 |   110 |    18 ||   258
         Plasma Beam       |       |       |       |    57 |   232 |    47 ||   336
         Fireball          |       |       |       |       |    17 |       ||    17
         Iskenderun's Batt |       |       |       |       |    18 |     2 ||    20
         Starburst         |       |       |       |       |     3 |    12 ||    15
         Summon Hydra      |       |       |       |       |     1 |     1 ||     2
         Arcjolt           |       |       |       |       |       |    34 ||    34
Ability: Evoke Blink       |       |       |       |       |     1 |       ||     1
  Evoke: Wand              |       |       |       |       |     4 |     6 ||    10
    Use: Potion            |       |     4 |       |       |     3 |     3 ||    10
         Scroll            |       |       |    12 |     2 |    20 |     4 ||    38
   Stab: Sleeping          |     1 |     2 |     2 |       |       |     1 ||     6
         Confused          |       |     2 |    21 |    13 |     6 |       ||    42
         Invisible         |       |       |       |       |     1 |       ||     1
 Armour: Robe              |    10 |     8 |    29 |    13 |       |       ||    60
         Leather armour    |       |     2 |    18 |       |       |       ||    20
         Steam dragon scal |       |       |       |     9 |    34 |       ||    43
         Ring mail         |       |       |       |       |     1 |       ||     1
         Swamp dragon scal |       |       |       |       |     8 |    45 ||    53
  Dodge: Dodged            |    35 |    29 |    97 |   172 |   263 |   164 ||   760

Table legend: (Time is in decaauts)
 A = Elapsed time spent in this place.
 B = Non-inter-level travel time spent in this place.
 C = Inter-level travel time spent in this place.
 D = Time resting spent in this place.
 E = Time spent auto-exploring this place.
 F = Levels seen in this place.
 G = Mean time per level.
                   A        B        C        D        E       F      G
               +--------+--------+--------+--------+--------+-----+--------+
         Total |  33499 |  31764 |   1735 |   6175 |  19697 |  26 | 1288.4 |
       Dungeon |  16879 |  16081 |    798 |   1241 |  12145 |  13 | 1298.4 |
        Temple |     71 |     53 |     18 |      0 |     33 |   1 |   71.0 |
          Lair |   8806 |   8105 |    701 |   2118 |   4702 |   5 | 1761.2 |
         Swamp |   2963 |   2827 |    136 |   1225 |    864 |   2 | 1481.5 |
   Spider Nest |   1423 |   1423 |      0 |    199 |   1027 |   1 | 1423.0 |
  Orcish Mines |   1635 |   1556 |     79 |    466 |    659 |   2 |  817.5 |
        Bailey |    493 |    493 |      0 |    115 |     74 |   1 |  493.0 |
      Ice Cave |   1227 |   1227 |      0 |    810 |    189 |   1 | 1227.0 |
               +--------+--------+--------+--------+--------+-----+--------+

Top non-repeatable levels by time:
  Lair:2: 3077 daAuts
 Swamp:1: 2033 daAuts
    D:11: 1992 daAuts
     D:8: 1981 daAuts
  Lair:3: 1679 daAuts
     D:2: 1656 daAuts
     D:3: 1611 daAuts
  Lair:5: 1441 daAuts
    D:10: 1426 daAuts
Spider:1: 1423 daAuts
    D:12: 1339 daAuts
  Lair:1: 1335 daAuts
     D:6: 1327 daAuts
  Lair:4: 1272 daAuts
   IceCv: 1227 daAuts
